General information
- name: BNet
- type: Ladder team game (AT/RT)
- host: Battle.net
- saver: T.r.o.u.b.l.e
map: Slalom
- players: 8
- length: 48:09
- speed: Fast
- version: 1.24 W3XP
- replay type: Public
» download(310 KB)
Players
team 1 (loser)
Mogr1m. (
teal | 63 APM | 2762 actions | 44:01)
6 Archmage
3 Summon Water Elemental
2 Brilliance Aura
1 Mass Teleport
8 Mountain King
3 Storm Bolt
2 Bash
1 Avatar
2 Thunder Clap
» actions
| Assign group hotkey | 429 | |
| Basic commands | 134 | |
| Build / train | 73 | |
| Enter build submenu | 25 | |
| Enter hero's abilities submenu | 14 | |
| Give item / drop item | 3 | |
| Right click | 1050 | |
| Select / deselect | 464 | |
| Select group hotkey | 483 | |
| Use ability | 87 | |
2762 total
» units
| Peasant | 8 | |
| Footman | 2 | |
| Rifleman | 7 | |
| Mortar Team | 8 | |
| Priest | 5 | |
| Sorceress | 3 | |
| Flying Machine | 5 | |
| Spell Breaker | 1 | |
39 total
» upgrades
| Lumber Harvesting | 1 | |
| Long Rifles | 1 | |
| Armor | 2 | |
| Priest Training | 2 | |
| Gunpowder | 2 | |
| Sorceress Training | 1 | |
| Flak Cannons | 1 | |
| Fragmentation Shards | 1 | |
11 total
» buildings
| Altar of Kings | 2 | |
| Farm | 11 | |
| Barracks | 2 | |
| Arcane Vault | 1 | |
| Lumber Mill | 1 | |
| Keep | 1 | |
| Blacksmith | 1 | |
| Arcane Sanctum | 1 | |
| Workshop | 1 | |
| Scout Tower | 1 | |
| Castle | 1 | |
| Town Hall | 1 | |
24 total
» build order
00:03 Altar of Kings
00:05 Altar of Kings
00:10 Farm
00:37 Barracks
00:41 Barracks
00:55 Farm
01:46 Farm
01:58 Arcane Vault
02:27 Farm
02:41 Lumber Mill
03:25 Keep
03:45 Blacksmith
04:36 Farm
05:38 Farm
05:40 Farm
06:08 Arcane Sanctum
06:11 Workshop
06:32 Farm
08:01 Farm
10:37 Farm
12:03 Scout Tower
12:07 Castle
17:44 Farm
19:56 Town Hall
» items
| Scroll of Regeneration | 2 | |
| Lesser Clarity Potion | 2 | |
| Scroll of Town Portal | 1 | |
5 total
YeIIow (
yellow | 116 APM | 5563 actions | 48:08)
10 Mountain King
3 Storm Bolt
3 Bash
1 Avatar
3 Thunder Clap
» actions
| Assign group hotkey | 660 | |
| Basic commands | 331 | |
| Build / train | 83 | |
| ESC pressed | 10 | |
| Enter build submenu | 31 | |
| Enter hero's abilities submenu | 10 | |
| Give item / drop item | 1 | |
| Right click | 2037 | |
| Select / deselect | 526 | |
| Select group hotkey | 1755 | |
| Use ability | 119 | |
5563 total
» units
| Peasant | 16 | |
| Footman | 2 | |
| Rifleman | 20 | |
| Siege Engine | 7 | |
45 total
» upgrades
| Gunpowder | 3 | |
| Armor | 3 | |
| Long Rifles | 1 | |
| Swords | 2 | |
| Barrage | 1 | |
10 total
» buildings
| Farm | 12 | |
| Altar of Kings | 1 | |
| Barracks | 1 | |
| Blacksmith | 2 | |
| Lumber Mill | 1 | |
| Arcane Vault | 1 | |
| Town Hall | 3 | |
| Keep | 2 | |
| Castle | 1 | |
| Workshop | 2 | |
| Scout Tower | 2 | |
| Gryphon Aviary | 2 | |
| Guard Tower | 2 | |
32 total
» build order
00:08 Farm
00:11 Altar of Kings
00:29 Barracks
00:48 Farm
02:03 Blacksmith
02:14 Lumber Mill
02:18 Blacksmith
02:24 Farm
02:25 Farm
02:33 Arcane Vault
03:37 Farm
05:26 Town Hall
06:24 Keep
06:25 Keep
07:13 Farm
07:40 Farm
07:41 Farm
09:30 Farm
09:31 Farm
10:45 Castle
10:49 Workshop
10:53 Workshop
12:09 Scout Tower
12:10 Scout Tower
12:39 Gryphon Aviary
12:41 Gryphon Aviary
12:56 Guard Tower
12:56 Guard Tower
16:34 Farm
16:35 Farm
19:37 Town Hall
25:59 Town Hall
» items
| Scroll of Regeneration | 5 | |
| Scroll of Healing | 1 | |
| Scroll of Town Portal | 3 | |
| Potion of Healing | 2 | |
11 total

»
Inspecta_deck23 (
green | 21 APM | 958 actions | 45:47)
5 Archmage
3 Summon Water Elemental
2 Blizzard
» actions
| Build / train | 52 | |
| Enter build submenu | 22 | |
| Enter hero's abilities submenu | 5 | |
| Right click | 669 | |
| Select / deselect | 177 | |
| Use ability | 33 | |
958 total
» units
| Peasant | 8 | |
| Rifleman | 11 | |
| Mortar Team | 8 | |
| Siege Engine | 15 | |
42 total
» upgrades
» buildings
| Altar of Kings | 1 | |
| Farm | 11 | |
| Barracks | 1 | |
| Lumber Mill | 1 | |
| Blacksmith | 1 | |
| Scout Tower | 1 | |
| Keep | 1 | |
| Guard Tower | 1 | |
| Workshop | 2 | |
| Castle | 1 | |
21 total
» build order
00:09 Altar of Kings
01:18 Farm
02:23 Farm
02:56 Barracks
03:05 Farm
03:50 Farm
04:09 Lumber Mill
04:39 Farm
05:18 Blacksmith
05:28 Farm
06:14 Farm
06:58 Farm
07:19 Scout Tower
07:43 Keep
08:22 Guard Tower
09:37 Farm
10:39 Workshop
11:21 Farm
12:40 Workshop
12:44 Castle
15:58 Farm

»
riverotter (
purple | 46 APM | 2128 actions | 46:41)
7 Death Knight
3 Death Coil
3 Unholy Aura
1 Animate Dead
6 Lich
3 Frost Nova
2 Dark Ritual
1 Death and Decay
» actions
| Assign group hotkey | 24 | |
| Basic commands | 358 | |
| Build / train | 59 | |
| Enter build submenu | 21 | |
| Enter hero's abilities submenu | 13 | |
| Remove unit from queue | 6 | |
| Right click | 499 | |
| Select / deselect | 239 | |
| Select group hotkey | 790 | |
| Use ability | 119 | |
2128 total
» units
| Acolyte | 5 | |
| Ghoul | 13 | |
| Obsidian Statue | 4 | |
| Frost Wyrm | 10 | |
32 total
» upgrades
| Destroyer Form | 1 | |
| Creature Attack | 1 | |
| Freezing Breath | 1 | |
| Creature Carapace | 1 | |
4 total
» buildings
| Graveyard | 1 | |
| Ziggurat | 7 | |
| Altar of Darkness | 1 | |
| Crypt | 1 | |
| Tomb of Relics | 1 | |
| Halls of the Dead | 1 | |
| Black Citadel | 1 | |
| Slaughterhouse | 2 | |
| Sacrificial Pit | 2 | |
| Boneyard | 2 | |
19 total
» build order
00:16 Graveyard
00:19 Ziggurat
00:46 Altar of Darkness
01:00 Crypt
01:30 Ziggurat
02:05 Tomb of Relics
03:17 Halls of the Dead
05:33 Ziggurat
05:34 Ziggurat
05:57 Black Citadel
06:02 Slaughterhouse
06:15 Slaughterhouse
07:07 Ziggurat
07:40 Sacrificial Pit
10:39 Boneyard
10:41 Boneyard
15:00 Ziggurat
16:26 Ziggurat
32:57 Sacrificial Pit
team 2 (winner)
KUKOMONGA (
orange | 53 APM | 2550 actions | 48:08)
7 Warden
3 Fan of Knives
3 Blink
1 Shadow Strike
» actions
| Basic commands | 96 | |
| Build / train | 85 | |
| Enter build submenu | 44 | |
| Enter hero's abilities submenu | 7 | |
| Give item / drop item | 1 | |
| Remove unit from queue | 3 | |
| Right click | 1397 | |
| Select / deselect | 463 | |
| Use ability | 454 | |
2550 total
» units
| Wisp | 43 | |
| Druid of the Talon | 11 | |
| Chimaera | 3 | |
| Dryad | 2 | |
59 total
» upgrades
| Strength of the Wild | 3 | |
| Reinforced Hides | 2 | |
| Druid of the Talon Training | 2 | |
| Mark of the Talon | 1 | |
| Abolish Magic | 1 | |
| Corrosive Breath | 1 | |
10 total
» buildings
| Moon Well | 15 | |
| Altar of Elders | 1 | |
| Tree of Life | 5 | |
| Ancient of Wonders | 2 | |
| Hunter's Hall | 2 | |
| Tree of Ages | 1 | |
| Ancient Protector | 6 | |
| Ancient of Wind | 2 | |
| Tree of Eternity | 1 | |
| Chimaera Roost | 3 | |
| Ancient of Lore | 1 | |
39 total
» build order
01:08 Moon Well
01:22 Altar of Elders
01:49 Tree of Life
02:10 Ancient of Wonders
02:33 Moon Well
03:14 Moon Well
04:03 Moon Well
04:05 Hunter's Hall
05:28 Moon Well
05:35 Tree of Ages
06:24 Moon Well
07:16 Moon Well
07:54 Ancient Protector
07:58 Ancient Protector
08:13 Moon Well
08:26 Ancient Protector
08:32 Ancient Protector
08:52 Ancient Protector
09:07 Moon Well
09:09 Moon Well
09:25 Ancient Protector
11:09 Ancient of Wind
11:13 Ancient of Wind
11:32 Moon Well
11:34 Moon Well
11:42 Hunter's Hall
12:29 Tree of Eternity
15:08 Tree of Life
15:16 Chimaera Roost
15:17 Chimaera Roost
16:40 Chimaera Roost
18:37 Ancient of Lore
19:14 Moon Well
19:20 Moon Well
19:31 Ancient of Wonders
27:36 Tree of Life
29:25 Tree of Life
34:16 Moon Well
38:37 Tree of Life
» items
| Lesser Clarity Potion | 3 | |
| Boots of Speed | 1 | |
| Staff of Teleportation | 1 | |
| Potion of Lesser Invulnerability | 1 | |
6 total

»
snoosnooo (
blue | 32 APM | 815 actions | 25:13)
5 Shadow Hunter
3 Healing Wave
2 Hex
» actions
| Assign group hotkey | 17 | |
| Build / train | 83 | |
| Enter build submenu | 19 | |
| Enter hero's abilities submenu | 5 | |
| Remove unit from queue | 24 | |
| Right click | 293 | |
| Select / deselect | 277 | |
| Select group hotkey | 49 | |
| Use ability | 48 | |
815 total
» units
| Peon | 12 | |
| Wind Rider | 20 | |
| Raider | -1 | |
| Troll Batrider | 7 | |
| Tauren | 4 | |
42 total
» upgrades
| Ranged Weapons | 3 | |
| Armor | 2 | |
| Envenomed Spears | 1 | |
| Liquid Fire | -1 | |
5 total
» buildings
| Altar of Storms | 1 | |
| Orc Burrow | 6 | |
| War Mill | 1 | |
| Stronghold | 1 | |
| Voodoo Lounge | 1 | |
| Fortress | 1 | |
| Beastiary | 2 | |
| Great Hall | 1 | |
| Tauren Totem | 2 | |
16 total
» build order
00:06 Altar of Storms
00:09 Orc Burrow
02:15 War Mill
02:18 Stronghold
02:22 Orc Burrow
02:43 Orc Burrow
02:49 Voodoo Lounge
05:14 Fortress
05:19 Beastiary
05:55 Beastiary
06:32 Orc Burrow
08:55 Great Hall
11:34 Orc Burrow
20:16 Orc Burrow
22:36 Tauren Totem
22:39 Tauren Totem
» items
| Lesser Clarity Potion | 3 | |
| Scroll of Town Portal | 2 | |
| Potion of Lesser Invulnerability | 1 | |
6 total
T.r.o.u.b.l.e (
pink | 78 APM | 3757 actions | 48:08)
9 Blademaster
3 Wind Walk
3 Critical Strike
1 Bladestorm
2 Mirror Image
» actions
| Assign group hotkey | 76 | |
| Basic commands | 17 | |
| Build / train | 93 | |
| Enter build submenu | 67 | |
| Enter hero's abilities submenu | 9 | |
| Give item / drop item | 3 | |
| Right click | 2578 | |
| Select / deselect | 457 | |
| Select group hotkey | 236 | |
| Use ability | 221 | |
3757 total
» units
| Peon | 24 | |
| Grunt | 9 | |
| Troll Batrider | 9 | |
| Wind Rider | 1 | |
| Raider | 16 | |
59 total
» upgrades
| Armor | 2 | |
| Pillage | 1 | |
| Ensnare | 1 | |
| Melee Weapons | 2 | |
| Berserker Strength | 1 | |
| Reinforced Defenses | 1 | |
8 total
» buildings
| Altar of Storms | 1 | |
| Orc Burrow | 15 | |
| Barracks | 1 | |
| Voodoo Lounge | 1 | |
| Stronghold | 3 | |
| Great Hall | 8 | |
| Beastiary | 8 | |
| War Mill | 2 | |
| Watch Tower | 29 | |
| Fortress | 1 | |
69 total
» build order
01:01 Altar of Storms
01:07 Orc Burrow
01:37 Barracks
02:13 Orc Burrow
03:11 Voodoo Lounge
03:33 Stronghold
04:07 Orc Burrow
06:09 Great Hall
06:28 Beastiary
06:28 Beastiary
07:41 Beastiary
07:45 War Mill
08:58 Watch Tower
09:26 Watch Tower
09:29 Watch Tower
09:31 Watch Tower
09:32 Watch Tower
11:13 Watch Tower
11:13 Watch Tower
11:14 Watch Tower
11:14 Watch Tower
11:18 Watch Tower
11:19 Watch Tower
11:19 Watch Tower
11:49 Stronghold
12:08 Watch Tower
12:08 Watch Tower
12:09 Watch Tower
12:12 Watch Tower
14:23 Beastiary
15:03 Beastiary
17:05 Orc Burrow
17:06 Orc Burrow
17:07 Orc Burrow
18:55 Fortress
19:01 Watch Tower
19:03 Watch Tower
20:07 Watch Tower
20:08 Watch Tower
20:11 Watch Tower
20:13 Watch Tower
20:14 Watch Tower
20:15 Watch Tower
23:08 Watch Tower
23:11 Watch Tower
25:41 Great Hall
26:01 Great Hall
26:20 Great Hall
28:39 War Mill
29:14 Orc Burrow
30:20 Orc Burrow
30:23 Watch Tower
30:24 Watch Tower
30:25 Watch Tower
31:05 Stronghold
32:16 Orc Burrow
32:18 Orc Burrow
32:21 Orc Burrow
33:26 Beastiary
33:27 Beastiary
33:27 Beastiary
33:30 Orc Burrow
33:32 Orc Burrow
36:21 Great Hall
36:59 Great Hall
38:45 Great Hall
40:23 Orc Burrow
42:00 Orc Burrow
44:03 Great Hall
» items
| Healing Salve | 2 | |
| Circlet of Nobility | 1 | |
| Boots of Speed | 1 | |
| Potion of Mana | 1 | |
| Lesser Clarity Potion | 1 | |
| Scroll of Town Portal | 5 | |
| Orb of Lightning | 1 | |
12 total
Crizo (
red | 37 APM | 1775 actions | 48:08)
7 Archmage
3 Summon Water Elemental
3 Brilliance Aura
1 Mass Teleport
5 Paladin
3 Holy Light
1 Divine Shield
1 Devotion Aura
» actions
| Basic commands | 1 | |
| Build / train | 86 | |
| Enter build submenu | 47 | |
| Enter hero's abilities submenu | 13 | |
| Remove unit from queue | 4 | |
| Right click | 972 | |
| Select / deselect | 485 | |
| Use ability | 167 | |
1775 total
» units
| Peasant | 30 | |
| Knight | 5 | |
| Siege Engine | 3 | |
| Priest | 9 | |
| Mortar Team | 4 | |
51 total
» upgrades
| Lumber Harvesting | 1 | |
| Priest Training | 2 | |
| Barrage | 1 | |
| Swords | 3 | |
| Plating | 2 | |
| Gunpowder | 1 | |
10 total
» buildings
| Altar of Kings | 4 | |
| Farm | 19 | |
| Lumber Mill | 1 | |
| Scout Tower | 4 | |
| Keep | 2 | |
| Guard Tower | 3 | |
| Town Hall | 7 | |
| Castle | 2 | |
| Blacksmith | 1 | |
| Barracks | 4 | |
| Workshop | 1 | |
| Arcane Sanctum | 2 | |
| Stronghold | -1 | |
| Altar of Storms | 1 | |
| Orc Burrow | 1 | |
51 total
» build order
00:26 Altar of Kings
00:45 Farm
01:05 Lumber Mill
02:12 Scout Tower
02:17 Scout Tower
02:24 Keep
02:39 Guard Tower
02:45 Scout Tower
03:10 Scout Tower
03:12 Guard Tower
03:52 Guard Tower
04:10 Town Hall
05:19 Farm
05:23 Farm
05:47 Castle
05:47 Castle
06:05 Blacksmith
07:22 Barracks
07:24 Barracks
07:29 Workshop
07:33 Arcane Sanctum
07:53 Town Hall
08:54 Farm
10:24 Farm
11:09 Farm
11:45 Farm
14:03 Town Hall
16:03 Farm
17:36 Farm
17:37 Farm
17:38 Farm
22:38 Barracks
22:40 Barracks
22:43 Keep
22:53 Altar of Kings
22:55 Farm
23:38 Town Hall
25:12 Farm
27:08 Farm
27:20 Altar of Kings
27:34 Farm
28:10 Stronghold
28:13 Altar of Storms
28:16 Orc Burrow
28:21 Town Hall
28:47 Arcane Sanctum
30:09 Town Hall
31:14 Farm
31:45 Farm
32:36 Town Hall
33:46 Altar of Kings
35:28 Farm
39:43 Farm
» items
| Scroll of Town Portal | 1 | |
| Periapt of Vitality | 1 | |
2 total
Chat log
(00:12 / Allies) Crizo: units?
(00:13 / Allies) snoosnooo: hey
(00:29 / Allies) snoosnooo: sigh
(00:35 / Allies) KUKOMONGA: JUST PLAY
(00:37 / Allies) KUKOMONGA: HE'LL PROLLY COME
(00:42 / Allies) Crizo: back?
(00:43 / All) Crizo: wait
(00:43 / All) YeIIow: u stupid?
(00:43 / Allies) Crizo: back
(00:45 / Allies) snoosnooo: hes back
(00:54 / Allies) T.r.o.u.b.l.e: was pleasing myself
(00:55 / Allies) Crizo: well lol
(00:59 / All) Crizo: fair play?
(01:06 / Allies) KUKOMONGA: HOWD IT GO
(01:15 / Allies) T.r.o.u.b.l.e: White stuff everywhere
(01:27 / Allies) KUKOMONGA: NICE
(01:55 / Allies) Crizo: tower rush xP
(02:54 / All) T.r.o.u.b.l.e: Don't be a snitch
(02:59 / Allies) T.r.o.u.b.l.e: raped
(03:06 / Allies) Crizo: i know
(03:46 / Allies) snoosnooo: i'm going to get wyvs and some bats
(03:57 / Allies) T.r.o.u.b.l.e: fascinating
(04:04 / Allies) Crizo: me melle and tank
(04:05 / Allies) snoosnooo: i am to please
(05:34 / Allies) snoosnooo: wood if anyone can
(05:49 / Allies) snoosnooo: ty
(06:00 / Allies) Crizo: np
(08:05 / Allies) Crizo: take
(09:34 / Allies) Crizo: tp?
(09:38 / Allies) KUKOMONGA: PPLZ
(09:45 / Allies) Crizo: all
(10:37 / Allies) Crizo: we have lost
(10:43 / Allies) KUKOMONGA: LOOKS THAT WAY
(10:44 / Allies) Crizo: baah
(10:46 / Allies) T.r.o.u.b.l.e: look at orange
(10:48 / Allies) T.r.o.u.b.l.e: 3k gold
(10:51 / Allies) T.r.o.u.b.l.e: nothing
(10:56 / Allies) Crizo: i sayed
(10:57 / Allies) Crizo: baaah
(10:59 / All) Mogr1m.: booom
(11:10 / Allies) Crizo: noob
(11:19 / Allies) KUKOMONGA: I HAD INSTANT XPO
(11:23 / Allies) T.r.o.u.b.l.e: wood
(11:38 / Allies) Crizo: gold
(11:39 / Allies) Crizo: lool
(12:10 / Allies) Crizo: wtf?
(12:14 / Allies) T.r.o.u.b.l.e: get tunits
(12:15 / Allies) Crizo: he tped for that?
(12:35 / Allies) Crizo: mortar
(14:27 / Allies) T.r.o.u.b.l.e: wood?
(15:28 / Allies) Crizo: they will get tanj
(15:29 / Allies) Crizo: 100&!
(15:30 / Allies) T.r.o.u.b.l.e: don't creep
(15:31 / Allies) T.r.o.u.b.l.e: kill their expo
(15:40 / Allies) T.r.o.u.b.l.e: getting raiders
(16:12 / Allies) Crizo: have tp
(16:12 / Allies) Crizo: !
(16:19 / Allies) snoosnooo: shoot i dont
(17:22 / Allies) Crizo: chims
(17:23 / Allies) Crizo: orange
(17:24 / Allies) Crizo: omg
(17:31 / Allies) KUKOMONGA: YES
(17:35 / Allies) KUKOMONGA: VS RIFLS
(17:40 / Allies) Crizo: yh
(17:40 / Allies) Crizo: lool
(17:59 / Allies) KUKOMONGA: WITH MASS CYCLONE?
(18:09 / Allies) Crizo: bats
(18:15 / Allies) Crizo: b
(18:21 / Allies) T.r.o.u.b.l.e: out
(18:46 / Allies) Crizo: damn you noob
(18:46 / Allies) Crizo: orange
(18:51 / Allies) T.r.o.u.b.l.e: blue wood me
(23:23 / All) Crizo: orange SUCK!
(23:34 / Allies) T.r.o.u.b.l.e: give me your resources orange
(23:57 / Allies) Crizo: bad to make air
(24:11 / Allies) KUKOMONGA: USIN TO TAKE OUT BASES KID
(24:14 / Allies) KUKOMONGA: GO TO SLEEP
(25:13 / Allies) T.r.o.u.b.l.e: give your resources orange
(25:26 / Allies) T.r.o.u.b.l.e: rotten blue
(26:28 / Allies) Crizo: b
(26:46 / Allies) Crizo: pink
(26:47 / Allies) Crizo: take
(26:48 / Allies) Crizo: him
(27:40 / Allies) T.r.o.u.b.l.e: expo
(28:08 / Allies) Crizo: use
(29:47 / Allies) KUKOMONGA: JUMP HIS ASSS
(29:48 / Allies) T.r.o.u.b.l.e: attack it
(29:57 / Allies) KUKOMONGA: 1460 GOLD
(29:58 / Allies) KUKOMONGA: HERE
(30:32 / Allies) Crizo: i hope
(30:34 / Allies) Crizo: blue have tp
(30:57 / Allies) Crizo: gj
(30:57 / Allies) Crizo: =D
(30:59 / Allies) Crizo: or
(31:13 / Allies) T.r.o.u.b.l.e: you got your hero?
(31:19 / Allies) Crizo: me yep
(31:24 / Allies) T.r.o.u.b.l.e: were you paladin?
(31:56 / Allies) T.r.o.u.b.l.e: hide a tree
(31:59 / Allies) Crizo: ARG
(32:14 / Allies) Crizo: baah
(32:23 / All) Mogr1m.: haaha
(32:26 / All) Crizo: -.-'
(32:37 / Allies) KUKOMONGA: PINK
(32:38 / Allies) KUKOMONGA: COMNE
(32:57 / Allies) Crizo: go
(33:09 / All) Crizo: !
(33:26 / All) Crizo: ORH
(33:42 / Allies) Crizo: lol
(33:54 / Allies) Crizo: i did't see that
(33:55 / Allies) T.r.o.u.b.l.e: anyone got a lot of wood?
(34:01 / Allies) Crizo: nope
(34:21 / Allies) T.r.o.u.b.l.e: b
(34:21 / Allies) T.r.o.u.b.l.e: b
(34:23 / Allies) Crizo: b'
(35:12 / All) Mogr1m.: OH
(35:32 / Allies) T.r.o.u.b.l.e: buy your hero
(35:38 / Allies) KUKOMONGA: NEED ALOT OF GOLD
(35:41 / Allies) T.r.o.u.b.l.e: how much?
(35:47 / All) Mogr1m.: stop being jerks and leave
(35:48 / Allies) KUKOMONGA: 100 MORE
(35:51 / All) Crizo: -.-'
(35:52 / All) Crizo: =D
(35:54 / All) Crizo: this is funny
(35:56 / Allies) KUKOMONGA: NICE
(36:09 / Allies) T.r.o.u.b.l.e: don't let them expo
(36:11 / Allies) T.r.o.u.b.l.e: don't lose hero
(37:31 / Allies) Crizo: haha
(37:33 / Allies) Crizo: they dont ahve
(37:34 / Allies) Crizo: tp
(37:40 / Allies) Crizo: fast
(37:43 / Allies) Crizo: dont let them get
(37:44 / Allies) Crizo: exp
(37:51 / Allies) KUKOMONGA: OUCH
(38:10 / Allies) T.r.o.u.b.l.e: tree hide
(38:18 / Allies) T.r.o.u.b.l.e: make tree then hide in woods
(38:19 / Allies) Crizo: yh
(38:20 / Allies) Crizo: tree
(38:23 / Allies) KUKOMONGA: GP;D
(38:27 / Allies) T.r.o.u.b.l.e: how much?
(38:27 / Allies) KUKOMONGA: NEED RESOURCES
(38:34 / Allies) KUKOMONGA: BOUT 200 EACH
(38:52 / Allies) Crizo: barrak
(38:54 / Allies) Crizo: always
(38:59 / Allies) KUKOMONGA: WHO NEEDS GOLD?
(39:08 / Allies) T.r.o.u.b.l.e: me
(39:09 / Allies) Crizo: orh
(39:45 / Allies) T.r.o.u.b.l.e: cancel
(39:46 / Allies) KUKOMONGA: CAN I GET A HEAL RED
(39:50 / Allies) KUKOMONGA: SHIT
(40:19 / Allies) KUKOMONGA: CAN I GET A HEAL RED PLZ
(40:27 / Allies) Crizo: ofc
(40:28 / Allies) Crizo: ups
(40:29 / Allies) Crizo: xP
(40:30 / Allies) KUKOMONGA: TNX
(40:36 / Allies) Crizo: you welcome
(41:13 / Allies) Crizo: damn
(41:18 / Allies) T.r.o.u.b.l.e: he saw?
(41:23 / Allies) Crizo: nope
(41:28 / Allies) Crizo: but we only ahve one back
(41:32 / Allies) T.r.o.u.b.l.e: that our last building?
(41:35 / Allies) Crizo: gj
(41:43 / Allies) Crizo: dont let him see
(42:05 / Allies) Crizo: we need to be fast
(42:22 / Allies) Crizo: out
(42:38 / All) Mogr1m.: pros at being gay wow
(42:42 / Allies) KUKOMONGA: \
(42:54 / Allies) T.r.o.u.b.l.e: let's kill the rifles
(43:10 / Allies) KUKOMONGA: OUT
(43:18 / Allies) T.r.o.u.b.l.e: let's kill the rifles
(43:24 / Allies) KUKOMONGA: MK DOWN
(43:29 / Allies) KUKOMONGA: FROM AVATAR
(43:48 / Allies) Crizo: our
(43:51 / Allies) T.r.o.u.b.l.e: KILL RIFLES
(43:57 / Allies) Crizo: we need a barrak
(43:58 / Allies) Crizo: fast
(44:13 / Allies) T.r.o.u.b.l.e: red tp to me
(44:15 / Allies) T.r.o.u.b.l.e: let's kill rifles
(44:26 / Allies) T.r.o.u.b.l.e: red tp to me
(44:30 / Allies) KUKOMONGA: LEME KNOW IF U NEED ME TO SELL ITEMS
(44:44 / Allies) Crizo: i am not sure we can
(44:50 / Allies) KUKOMONGA: BITCH
(45:01 / Allies) Crizo: back
(45:02 / Allies) Crizo: units
(45:03 / Allies) Crizo: pink
(45:08 / Allies) Crizo: or
(45:15 / All) Crizo: haha
(45:26 / All) KUKOMONGA: SON OF A
(45:34 / All) KUKOMONGA: THIS IS TOO FUNNY
(45:41 / Allies) T.r.o.u.b.l.e: we need to h ide ab uilding!
(45:43 / Allies) Crizo: let kil him
(45:44 / Allies) T.r.o.u.b.l.e: anyone got workers left?
(45:50 / Allies) Crizo: nope
(45:55 / Allies) T.r.o.u.b.l.e: protect the burrow1
(46:13 / Allies) KUKOMONGA: SHR
(46:14 / Allies) KUKOMONGA: PINK
(46:16 / Allies) KUKOMONGA: FOR NET
(46:45 / Allies) KUKOMONGA: LOL
(46:49 / All) Crizo: haha
(46:55 / All) Crizo: to funny
(47:08 / Allies) KUKOMONGA: SHIT BALLS
(47:10 / Allies) KUKOMONGA: LIKE 4 HOUR GAME
(47:12 / Allies) Crizo: cant control
(47:18 / Allies) T.r.o.u.b.l.e: click off
(47:19 / Allies) T.r.o.u.b.l.e: click back on
(47:20 / Allies) KUKOMONGA: HIT TAB
(47:25 / Allies) KUKOMONGA: THEN CLOSE
(47:33 / Allies) T.r.o.u.b.l.e: hide the tanks and teal's hero
(47:36 / Allies) T.r.o.u.b.l.e: defend burrow at all costs
(47:44 / Allies) Crizo: damn he can see us now
(47:53 / Allies) Crizo: arg
(47:54 / Allies) KUKOMONGA: AHHHH
(47:55 / Allies) KUKOMONGA: AGGGHH